 Dungeon Crawl Stone Soup version 0.18.1-8-gdd0e5ea (webtiles) character file.

257 sugabear the Chopper (level 6, 0/32 HPs)
             Began as a Vine Stalker Gladiator on June 4, 2016.
             Was a Follower of Cheibriados.
             Slain by a gnoll
             ... wielding a +2 spear of chaos
              (5 damage)
             ... on level 3 of the Dungeon.
             The game lasted 00:02:19 (1626 turns).

sugabear the Chopper (Vine Stalker Gladiator)       Turns: 1626, Time: 00:02:19

Health: 0/32       AC:  5    Str: 20    XL:     6   Next: 16%
Magic:  0/7        EV:  9    Int: 10    God:    Cheibriados [*.....]
Gold:   116        SH:  0    Dex: 18    Spells: 0 memorised, 5 levels left

rFire  + . .     SeeInvis .     a - +0 war axe
rCold  . . .     Gourm    .     t - +2 robe {MR+}
rNeg   . . .     Faith    .     (no shield)
rPois  .         Spirit   +     c - +0 helmet
rElec  .         Dismiss  .     (no cloak)
rCorr  .         Reflect  .     (no gloves)
SustAt .         Harm     .     (no boots)
MR     +....                    (no amulet)
Stlth  ++........               (no ring)
                                n - ring of protection from fire

@: lethally poisoned (0 -> 0), very slow, somewhat resistant to hostile
enchantments, unstealthy
A: fangs 2, regeneration 2, magic shield, antimagic bite, no device heal 3, rot
immunity
a: Bend Time, Renounce Religion


You were on level 3 of the Dungeon.
You worshipped Cheibriados.
Cheibriados was aware of your devotion.
You were not hungry.

You visited 1 branch of the dungeon, and saw 3 of its levels.

You collected 116 gold pieces.

Inventory:

Hand Weapons
 a - a +0 war axe (weapon)
Missiles
 d - 3 throwing nets (quivered)
Armour
 b - a +0 leather armour
 c - a +0 helmet (worn)
 p - a +0 ring mail
 t - a +2 robe of magic resistance (worn)
Jewellery
 n - a ring of protection from fire (left hand)
Wands
 r - a wand of digging (5/24)
Scrolls
 k - a scroll of noise {unknown}
 l - a scroll of identify {unknown}
 m - a scroll of teleportation {unknown}
 s - a scroll of fear {unknown}
 u - a scroll of enchant armour {unknown}
Potions
 e - a potion of cure mutation {unknown}
 h - a potion of curing {unknown}
 i - a potion of brilliance {unknown}
 j - a potion of mutation {unknown}
 o - 2 potions of heal wounds {unknown}
 q - a potion of flight {unknown}
Comestibles
 f - 2 bread rations
 g - a beef jerky


   Skills:
 + Level 3.0 Fighting
 + Level 3.8 Axes
 + Level 1.9 Throwing
 + Level 1.4 Armour
 + Level 3.8 Dodging
 + Level 1.0 Stealth


You had 5 spell levels left.
You didn't know any spells.

Dungeon Overview and Level Annotations

Branches:
Dungeon (3/15)

Altars:
Cheibriados
Okawaru


Innate Abilities, Weirdness & Mutations

You have extremely sharp teeth.
You heal very quickly.
When hurt, damage is shared between your health and your magic reserves.
Your bite disrupts and absorbs the magic of your enemies.
Potions and wands cannot restore your health.
You are immune to rotting.


Message History

* * * LOW HITPOINT WARNING * * *
You feel your power leaking away. The adder misses you.
You are too injured to fight recklessly!
Unknown command.
You are too injured to fight recklessly!
You are too injured to fight recklessly!
Unknown command.
You are too injured to fight recklessly!
You are too injured to fight recklessly!
The adder bites you.
* * * LOW HITPOINT WARNING * * *
The gnoll closely misses you.
Unknown command.
The adder closely misses you. The adder bites you but does no damage.
There is a stone staircase leading up here.
Unknown command.
You feel sick.
The gnoll hits you from afar with a spear of chaos.
You die...

≈## $# # .≈##≈
### ...# ##..#
≈≈.
#....######.####
.........g.....##
........S.†......
.....?.@g).....#.
...........$...#
..............##
.........)....#
.#.%........###
#########..# .##
.#


You could see 2 gnolls and an adder.

Vanquished Creatures
  Sigmund (D:2)
  Jessica (D:2)
  2 adders (D:2)
  2 worms
  A dart slug (D:1)
  4 giant geckos
  4 giant cockroaches (D:1)
  3 goblins (D:2)
  8 hobgoblins
  3 jackals (D:2)
  A ball python (D:2)
  6 bats
  2 giant newts
  2 kobolds (D:2)
  4 rats
44 creatures vanquished.

Notes
Turn   | Place    | Note
--------------------------------------------------------------
     0 | D:1      | sugabear the Vine Stalker Gladiator began the quest for the Orb.
     0 | D:1      | Reached XP level 1. HP: 11/11 MP: 2/2
   186 | D:1      | Reached XP level 2. HP: 15/15 MP: 3/3
   629 | D:1      | Reached XP level 3. HP: 18/18 MP: 4/4
  1069 | D:2      | Found an iron altar of Okawaru.
  1105 | D:2      | Reached skill level 1 in Armour
  1228 | D:2      | Found a faded altar to an unknown god.
  1242 | D:2      | Became a worshipper of Cheibriados the Contemplative
  1242 | D:2      | Reached * piety under Cheibriados
  1280 | D:2      | Noticed Jessica
  1286 | D:2      | Killed Jessica
  1286 | D:2      | Reached XP level 4. HP: 23/23 MP: 5/5
  1363 | D:2      | Noticed Sigmund
  1381 | D:2      | Killed Sigmund
  1381 | D:2      | Reached skill level 1 in Stealth
  1381 | D:2      | Reached XP level 5. HP: 7/28 MP: 6/6
  1381 | D:2      | Gained mutation: You heal very quickly. [Vine Stalker growth]
  1381 | D:2      | Reached XP level 6. HP: 8/32 MP: 7/7
  1626 | D:3      | Slain by a gnoll

Skill      XL: |  1  2  3  4  5  6 |
---------------+-------------------+-----
Fighting       | 2 3 |  3.0
Axes           | 3 |  3.8
Armour         | 1 |  1.4
Dodging        | 3 |  3.8
Stealth        | 1 |  1.0
Throwing       | |  1.9

Action                   |  1- 3 |  4- 6 || total
-------------------------+-------+-------++-------
Melee: War axe           |    95 |    30 ||   125
       Bite              |    21 |     9 ||    30
 Stab: Sleeping          |     1 |       ||     1
  Eat: Chunk             |     1 |     1 ||     2
Armor: Leather armour    |    31 |       ||    31
       Ring mail         |    12 |     7 ||    19
       Robe              |       |     3 ||     3
Dodge: Dodged            |    84 |    26 ||   110
